 Dungeon Crawl Stone Soup version 0.18.1-50-g88ac8fd (webtiles) character file.

39 yungnami the Cudgeler (level 3, -2/36 HPs)
             Began as a Troll Berserker on Oct 2, 2016.
             Was a Believer of Trog.
             Slain by an orc priest
             ... wielding a +0 mace
              (4 damage)
             ... on level 3 of the Dungeon.
             The game lasted 00:06:54 (1022 turns).

yungnami the Cudgeler (Troll Berserker)             Turns: 1022, Time: 00:06:55

Health: -2/36      AC:  6    Str: 26    XL:     3   Next: 26%
Magic:  2/2        EV: 10    Int:  3    God:    Trog [**....]
Gold:   61         SH:  0    Dex:  9    Spells: 0 memorised, 2 levels left

rFire  . . .     SeeInvis .     p - +0 flail (drain)
rCold  . . .     Gourm    +     m - +0 robe
rNeg   . . .     Faith    .     (no shield)
rPois  .         Spirit   .     (helmet restricted)
rElec  .         Dismiss  .     h - +0 cloak
rCorr  .         Reflect  .     (gloves unavailable)
SustAt .         Harm     .     (boots unavailable)
MR     .....                    (no amulet)
Stlth  +.........               (no ring)
                                (no ring)

@: lethally poisoned (-2 -> -7), exhausted, slowed, very slow, not resistant to
hostile enchantments, very unstealthy
A: unfitting armour, claws 3, fast metabolism 3, gourmand, regeneration 2,
shaggy fur 1, tough skin 2
a: Berserk, Trog's Hand, Burn Spellbooks, Renounce Religion


You were on level 3 of the Dungeon.
You worshipped Trog.
Trog was pleased with you.
You were not hungry.

You visited 1 branch of the dungeon, and saw 3 of its levels.

You collected 61 gold pieces.

Inventory:

Hand Weapons
 a - a +0 mace
 d - a +0 mace
 n - a +0 hunting sling
 p - a +0 flail of draining (weapon)
Missiles
 g - 54 stones (quivered)
Armour
 b - a +0 animal skin
 h - a +0 cloak (worn)
 m - a +0 robe (worn)
Jewellery
 i - an uncursed amulet of dismissal
Scrolls
 f - 2 scrolls of identify
 j - a scroll of magic mapping {unknown}
 k - a scroll of enchant armour {unknown}
 l - 2 scrolls of remove curse {unknown}
Potions
 e - a potion of might {unknown}
Comestibles
 c - 2 bread rations
 o - a fruit
 q - a meat ration


   Skills:
 + Level 2.7 Fighting
 + Level 3.1 Maces & Flails
 + Level 3.0 Dodging


You had 2 spell levels left.
You didn't know any spells.

Dungeon Overview and Level Annotations

Branches:
Dungeon (3/15)

Altars:
Vehumet


Innate Abilities, Weirdness & Mutations

You are too large for most types of armour.
You have claws for hands.
Your metabolism is lightning-fast.
You like to eat raw meat.
You heal very quickly.
You are covered in fur (AC +1).
You have very tough skin (AC +2).


Message History

You feel a strong urge to attack something.
* * * LOW HITPOINT WARNING * * *
You feel sick.
You see here a poisoned needle.
* * * LOW HITPOINT WARNING * * *
You feel sick.
The kobold moves out of view.
You feel your anger subside.
You are no longer berserk.
You are exhausted.
You feel yourself slow down.
* * * LOW HITPOINT WARNING * * *
You feel sick.
* * * LOW HITPOINT WARNING * * *
You feel very sick.
You are too injured to fight recklessly!
You are too injured to fight recklessly!
You completely miss the orc priest.
* * * LOW HITPOINT WARNING * * *
You feel very sick. The orc priest hits you with a mace.
You die...

#...#..# #.##..#
#.P.#### #.##..# #.PP#
#.##..# ##.## #[##..##
####### #.....^?
#.....############..##
#...................#
#####.############.##
#@# #.. #.# #o# #.#
#.# #g##.#### #..
#(o.....# ##.
####.##.# .# #o# .#
#.. #.. .##


You could see an orc priest, an orc and a hobgoblin.

Vanquished Creatures
  A worm (D:2)
  2 giant geckos
  4 orcs (D:3)
  A giant cockroach (D:2)
  4 hobgoblins (D:1)
  3 jackals (D:1)
  A kobold (D:3)
  4 bats
  2 giant newts
  4 goblins
  2 rats (D:1)
28 creatures vanquished.

Notes
Turn   | Place    | Note
--------------------------------------------------------------
     0 | D:1      | yungnami the Troll Berserker began the quest for the Orb.
     0 | D:1      | Reached XP level 1. HP: 22/22 MP: 0/0
   222 | D:1      | Reached XP level 2. HP: 28/29 MP: 1/1
   546 | D:2      | Reached ** piety under Trog
   769 | D:2      | Found a radiant altar of Vehumet.
   794 | D:3      | Reached XP level 3. HP: 23/36 MP: 2/2
  1022 | D:3      | Slain by an orc priest

Skill      XL: |  1  2  3 |
---------------+----------+-----
Maces & Flails | 3 |  3.1
Dodging        | 3 |  3.0
Fighting       | |  2.7

Action                   || total
-------------------------++-------
Melee: Mace              ||    80
       Flail             ||    27
Throw: Stone             ||     2
Invok: Berserk           ||     1
  Use: Scroll            ||     1
  Eat: Chunk             ||     4
       Bread ration      ||     1
Armor: Animal skin       ||    56
       Robe              ||    13
Dodge: Dodged            ||    87
